 Dungeon Crawl Stone Soup version 0.22.1-1-ga44c0e56f4 (webtiles) character file.

58 Kaderl the Firebug (level 4, -1/30 HPs)
             Began as a Human Fire Elementalist on Sept 30, 2018.
             Slain by an adder (3 damage)
             ... on level 2 of the Dungeon.
             The game lasted 00:05:24 (1532 turns).

Kaderl the Firebug (Human Fire Elementalist)        Turns: 1532, Time: 00:05:25

Health: -1/30      AC:  3    Str: 13    XL:     4   Next: 21%
Magic:  0/7        EV: 13    Int: 17    God:
Gold:   65         SH:  0    Dex: 13    Spells: 4/7 levels left

rFire    . . .     SeeInvis .   e - +0 quarterstaff
rCold    . . .     Gourm    .   (shield currently unavailable)
rNeg     . . .     Faith    .   a - +0 robe
rPois    .         Spirit   .   (no helmet)
rElec    .         Reflect  .   b - +0 cloak
rCorr    .         Harm     .   (no gloves)
MR       .....                  (no boots)
Stlth    ++........             (no amulet)
HPRegen  0.10/turn              (no ring)
MPRegen  0.10/turn              (no ring)

@: mighty, lethally poisoned (-1 -> -5), very slightly contaminated
A: no striking features
a: no special abilities


You were on level 2 of the Dungeon.
You were not hungry.

You visited 1 branch of the dungeon, and saw 2 of its levels.

You collected 65 gold pieces.

Inventory:

Hand Weapons
 e - a +0 quarterstaff (weapon)
Armour
 a - a +0 robe (worn)
 b - a +0 cloak (worn)
Wands
 h - a wand of acid (8)
Scrolls
 d - 2 scrolls of amnesia {unknown}
 g - a scroll of fear {unknown}
Comestibles
 f - 2 rations


   Skills:
 + Level 0.1 Fighting
 + Level 0.2 Staves
 + Level 2.7 Dodging
 + Level 2.2 Stealth
 + Level 2.4 Spellcasting
 + Level 1.3 Conjurations
 + Level 3.6 Fire Magic


You had 4 spell levels left.
You knew the following spells:

 Your Spells              Type           Power        Failure   Level  Hunger
a - Flame Tongue          Conj/Fire      ##...        7%          1    #......
b - Throw Flame           Conj/Fire      ##....       10%         2    ##.....

Your spell library contained the following spells:

 Spells                   Type           Power        Failure   Level  Hunger
 Confusing Touch          Hex            #.....       19%         1    #......
 Conjure Flame            Conj/Fire      ##......     21%         3    ###....
 Inner Flame              Hex/Fire       #.......     26%         3    ###....
 Confuse                  Hex            #.......     50%         3    ###....
 Gell's Gravitas          Tloc           #.........   50%         3    ###....
 Sticky Flame             Conj/Fire      ##......     54%         4    #####..
 Petrify                  Tmut/Erth      #.......     88%         4    #####..
 Fireball                 Conj/Fire      ##........   88%         5    ######.
 Metabolic Englaciation   Hex/Ice        #.........   99%         5    ######.
 Yara's Violent Unravell  Hex/Tmut       #.........   99%         5    ######.


Dungeon Overview and Level Annotations

Branches:
Dungeon (2/15)

Altars:


Message History

Confirm with . or Enter, or press ? or * to list all spells.
Aiming: Flame Tongue (safe; 7% risk of failure)
Press: ? - help, Shift-Dir - straight line, f/p - adder
Aim: an adder (severely wounded)
The flame tongue hits the adder.
The adder is almost dead.
* * * LOW HITPOINT WARNING * * *
You feel sick. The adder bites you.
* * * LOW HITPOINT WARNING * * *
You barely miss the adder.
The adder is almost dead.
The adder barely misses you. The adder bites you but does no damage.
It was a potion of might.
You feel very mighty all of a sudden.
* * * LOW HITPOINT WARNING * * *
You feel sick. The adder closely misses you.
You miss the adder.
The adder is almost dead.
The adder bites you but does no damage. The adder bites you.
You die...

#.............#
#.............# ######
#.............# .....#
#.............# .....#
#.............# .....#
###.###)#######
.....#######.)##g...g...
.....#....###.##S#####..
.....#....# #..#@#
.....#....# ##.#.#
.....#....# #...#
.....#)...# ##..#
######.[..# #..#
######....# ##.#
....##...[######.##
..............##..#
..............###.##


You could see an adder and a goblin.

Vanquished Creatures
  Jessica (D:2)
  An adder (D:2)
  An orc (D:2)
  3 bats (D:1)
  2 goblins
  5 hobgoblins
  3 jackals (D:2)
  3 frilled lizards
  A kobold (D:2)
  3 rats
23 creatures vanquished.

Notes
Turn   | Place    | Note
-------+----------+-------------------------------------------
     0 | D:1      | Kaderl the Human Fire Elementalist began the quest for the
                  | Orb.
     0 | D:1      | Reached XP level 1. HP: 13/13 MP: 3/3
   610 | D:1      | Reached XP level 2. HP: 19/19 MP: 3/5
  1271 | D:2      | Learned a level 2 spell: Throw Flame
  1290 | D:2      | Reached XP level 3. HP: 16/24 MP: 4/6
  1357 | D:2      | Noticed Jessica
  1365 | D:2      | Killed Jessica
  1365 | D:2      | Reached XP level 4. HP: 22/30 MP: 3/7
  1532 | D:2      | Slain by an adder

Action                   |  1- 3 |  4- 6 || total
-------------------------+-------+-------++-------
Melee: Unarmed           |    13 |       ||    13
       Quarterstaff      |    16 |     4 ||    20
 Cast: Flame Tongue      |    27 |     9 ||    36
       Throw Flame       |     1 |     2 ||     3
  Use: Potion            |       |     1 ||     1
 Stab: Sleeping          |     1 |       ||     1
  Eat: Ration            |     1 |       ||     1
Armor: Robe              |    14 |     3 ||    17
Dodge: Dodged            |    27 |    17 ||    44
